 Dungeon Crawl Stone Soup version 0.23-a0-470-g6f7cfd9 (webtiles) character file.

46 JeffiDaFish the Grave Robber (level 3, -1/19 HPs)
             Began as a Deep Elf Necromancer on Nov 27, 2018.
             Slain by an ooze (4 damage)
             ... on level 1 of the Dungeon.
             The game lasted 00:04:42 (1756 turns).

JeffiDaFish the Grave Robber (Deep Elf Necromancer) Turns: 1756, Time: 00:04:43

Health: -1/19      AC:  2    Str:  4 (5)  XL:     3   Next: 44%
Magic:  5/10       EV: 13    Int: 19 (20) God:
Gold:   37         SH:  0    Dex: 14 (15) Spells: 8/9 levels left

rFire    . . .     SeeInvis .   b - +0 short sword
rCold    . . .     Gourm    .   (no shield)
rNeg     . . .     Faith    .   f - +0 robe
rPois    .         Spirit   .   (no helmet)
rElec    .         Reflect  .   (no cloak)
rCorr    .         Harm     .   (no gloves)
MR       .....                  (no boots)
Stlth    +++.......             (no amulet)
HPRegen  0.06/turn              d - ring of stealth
MPRegen  0.12/turn              (no ring)

@: no status effects
A: no striking features
a: no special abilities


You were on level 1 of the Dungeon.
You were not hungry.

You visited 1 branch of the dungeon, and saw 1 of its levels.

You collected 37 gold pieces.

Inventory:

Hand Weapons
 b - a +0 short sword (weapon)
Armour
 f - a +0 robe (worn)
Jewellery
 d - a ring of stealth (left hand)
Scrolls
 e - a scroll of fog
Comestibles
 a - 5 chunks of flesh
 c - 4 rations


   Skills:
 + Level 0.1 Fighting
 + Level 0.1 Short Blades
 + Level 2.5 Dodging
 + Level 2.9 Stealth
 + Level 3.7 Spellcasting
 + Level 5.7 Necromancy


You had 8 spell levels left.
You knew the following spells:

 Your Spells              Type           Power        Failure   Level  Hunger
a - Pain                  Necr           ####         1%          1    None

Your spell library contained the following spells:

 Spells                   Type           Power        Failure   Level  Hunger
 Animate Skeleton         Necr           N/A          1%          1    None
 Vampiric Draining        Necr           ####......   4%          3    ###....
 Regeneration             Chrm/Necr      ##........   13%         3    ###....
 Animate Dead             Necr           N/A          14%         4    ####...


Dungeon Overview and Level Annotations

Branches:
Dungeon (1/15)

Altars:


Message History

The ooze barely resists.
Casting: Pain (safe; 1% risk of failure)
Confirm with . or Enter, or press ? or * to list all spells.
Aiming: Pain (safe; 1% risk of failure)
Press: ? - help, Shift-Dir - straight line, f/p - ooze
Aim: an ooze (lightly wounded, chance to defeat MR: 84%)
The ooze writhes in agony!
Casting: Pain (safe; 1% risk of failure)
Confirm with . or Enter, or press ? or * to list all spells.
Aiming: Pain (safe; 1% risk of failure)
Press: ? - help, Shift-Dir - straight line, f/p - ooze
Aim: an ooze (lightly wounded, chance to defeat MR: 84%)
The ooze writhes in agony!
Casting: Pain (safe; 1% risk of failure)
Confirm with . or Enter, or press ? or * to list all spells.
Aiming: Pain (safe; 1% risk of failure)
Press: ? - help, Shift-Dir - straight line, f/p - ooze
Aim: an ooze (heavily wounded, chance to defeat MR: 84%)
The ooze writhes in agony!
The ooze hits you.
You die...

...#######..####.###.##.#........
...# #........# #.##.###.#....
...# #....###.# #.##.###......
...# #..#.# #)# #.##.....#....
...# #..#h###.# #.#####....#.#
#### #..#..##.# #.### #....#.#
#..##.##.###...###....#.#
#......÷...#..........#.#
#.####.#@#.#.#.##÷....#..
#####.####.#J#÷#.#.##.....###
#.......##...#s#.#.##.#.#.# #
#.......###..#.#.#.##.#.#.# #
#####.......###..#.#......#.#.# #
.............##..#...#.#..#.#.###
.............##..###.#.#..#....##
.............##...........###..##
............÷###...#.###.......##


You could see an ooze.

Vanquished Creatures
  An ooze (D:1)
  2 dart slugs (D:1)
  A leopard gecko (D:1)
  5 bats (D:1)
  7 giant cockroaches (D:1)
  A goblin (D:1)
  4 hobgoblins (D:1)
  4 jackals (D:1)
  A frilled lizard (D:1)
  2 kobolds (D:1)
  3 rats (D:1)
31 creatures vanquished.

Notes
Turn   | Place    | Note
-------+----------+-------------------------------------------
     0 | D:1      | JeffiDaFish the Deep Elf Necromancer began the quest for
                  | the Orb.
     0 | D:1      | Reached XP level 1. HP: 10/10 MP: 6/6
     1 | D:1      | Found a runed door.
    25 | D:1      | Reached skill level 5 in Necromancy
   371 | D:1      | Reached XP level 2. HP: 12/15 MP: 4/8
  1163 | D:1      | Reached XP level 3. HP: 16/19 MP: 8/10
  1756 | D:1      | Slain by an ooze

Vault maps used:
D:1:      dpeg_arrival_caged_fury

Skill      XL: |  1 |
---------------+----+-----
Necromancy     | 5 |  5.7
Fighting       | |  0.1
Short Blades   | |  0.1
Dodging        | |  2.5
Stealth        | |  2.9
Spellcasting   | |  3.7

Action                   || total
-------------------------++-------
Melee: Short sword       ||    22
       Unarmed           ||     1
 Cast: Pain              ||    55
  Use: Potion            ||     2
       Scroll            ||     4
 Stab: Sleeping          ||     3
  Eat: Chunk             ||     2
Armor: Robe              ||    25
Dodge: Dodged            ||    52

Table legend:
 A = Non-vault XP
 B = Vault XP
 C = Vault XP percentage of total XP
 D = Non-vault monster count
 E = Vault monster count
 F = Vault count percentage of total count
                 A         B        C        D         E       F
            +---------+---------+-------+---------+---------+-------
      Total |      41 |      25 |  37.9 |      20 |      11 |  35.5
            +---------+---------+-------+---------+---------+-------
        D:1 |      41 |      25 |  37.9 |      20 |      11 |  35.5
            +---------+---------+-------+---------+---------+-------
